 Dungeon Crawl Stone Soup version 0.22.0-40-g68aacdc (webtiles) character file.

308 Lew the Shield-Bearer (level 6, 0/55 HPs)
             Began as a Minotaur Fighter on Sept 1, 2018.
             Slain by a gnoll
             ... wielding a +0 halberd
             ... summoned by Xom
              (9 damage)
             ... on level 3 of the Dungeon.
             The game lasted 00:05:00 (2788 turns).

Lew the Shield-Bearer (Minotaur Fighter)            Turns: 2788, Time: 00:05:00

Health: 0/55       AC:  7    Str: 26    XL:     6   Next: 17%
Magic:  5/5        EV:  9    Int:  5    God:    Xom [*.....]
Gold:   158        SH: 10    Dex: 11    Spells: 5/5 levels left

rFire    . . .     SeeInvis .   a - +0 war axe
rCold    . . .     Gourm    .   c - +0 shield
rNeg     . . .     Faith    .   b - +0 scale mail
rPois    .         Spirit   .   (helmet restricted)
rElec    .         Reflect  .   (no cloak)
rCorr    .         Harm     .   (no gloves)
MR       .....                  (no boots)
Stlth    ..........             (no amulet)
HPRegen  0.18/turn              (no ring)
MPRegen  0.09/turn              (no ring)

@: mighty, hasted, very quick
A: retaliatory headbutt, horns 2
a: Renounce Religion


You were on level 3 of the Dungeon.
You worshipped Xom.
You were a special plaything of Xom.
You were not hungry.

You visited 1 branch of the dungeon, and saw 3 of its levels.

You collected 158 gold pieces.

Inventory:

Hand Weapons
 a - a +0 war axe (weapon)
 r - a +0 vampiric short sword
Armour
 b - a +0 scale mail (worn)
 c - a +0 shield (worn)
Scrolls
 e - a scroll of noise {unknown}
 g - 2 scrolls of remove curse {unknown}
 j - 2 scrolls of random uselessness {unknown}
 l - a scroll of magic mapping {unknown}
 m - 3 scrolls of identify {unknown}
 o - a scroll of enchant armour {unknown}
Potions
 h - 2 potions of haste
 i - a potion of lignification {unknown}
 k - a potion of flight {unknown}
 n - a potion of mutation {unknown}
 p - a potion of heal wounds {unknown}
 q - a potion of berserk rage {unknown}
Comestibles
 f - 2 rations


   Skills:
 + Level 4.8 Fighting
 + Level 4.1 Axes
 + Level 4.9 Armour
 + Level 2.8 Dodging
 + Level 5.0 Shields


You had 5 spell levels left.
You didn't know any spells.
Your spell library was empty.

Dungeon Overview and Level Annotations

Branches:
Dungeon (3/15)

Altars:
Hepliaklqana
Makhleb
Trog
Xom


Innate Abilities, Weirdness & Mutations

You reflexively headbutt those who attack you in melee.
You have a pair of horns on your head.


Message History

You furiously retaliate!
You headbutt the gnoll. You hit the gnoll.
The gnoll is severely wounded.
You barely miss the gnoll. You hit the orc.
You kill the orc!
The orc's corpse disappears in a puff of smoke!
The gnoll hits you but does no damage. The orc barely misses you.
The gnoll completely misses you. The gnoll hits you.
The gnoll hits you from afar with a halberd.
* * * LOW HITPOINT WARNING * * *
It was a potion of haste.
You feel yourself speed up.
Xom is highly amused!
The gnoll hits you.
* * * LOW HITPOINT WARNING * * *
The gnoll hits you.
* * * LOW HITPOINT WARNING * * *
You feel very mighty all of a sudden.
The gnoll hits you from afar with a halberd!
You die... "What!?
That's it?"

#....#.####.#
######.### .#
#.....# #.....#
##.....# #
#####......##.#
#<.Kg.........#.
###ggg..........#
#@#.............
#.##o....#######
#oo.o........
#..#......###
#..#...<..#
#..#........
#..#.......##
#..#........
#..#.......#


You could see an orc wizard, 4 gnolls, an orc and a kobold.

Vanquished Creatures
  An ice beast (D:3)
  A scorpion (D:3)
  An orc priest (D:3)
  An orc wizard (D:3)
  3 adders (D:2)
  2 worms (D:2)
  5 leopard geckos
  6 orcs
  2 ball pythons (D:2)
  6 bats
  4 giant cockroaches
  4 goblins
  7 hobgoblins
  4 jackals (D:1)
  A quokka (D:2)
  4 frilled lizards
  4 kobolds (D:1)
  A quokka skeleton (D:2)
  10 rats
67 creatures vanquished.

Vanquished Creatures (collateral kills)
  A hobgoblin (D:3)
1 creature vanquished.

Grand Total: 68 creatures vanquished

Notes
Turn   | Place    | Note
-------+----------+-------------------------------------------
     0 | D:1      | Lew the Minotaur Fighter began the quest for the Orb.
     0 | D:1      | Reached XP level 1. HP: 19/19 MP: 0/0
   266 | D:1      | Reached XP level 2. HP: 27/27 MP: 1/1
   463 | D:1      | Reached skill level 1 in Dodging
   525 | D:1      | Reached skill level 4 in Shields
   649 | D:1      | Reached XP level 3. HP: 33/33 MP: 2/2
   931 | D:2      | Found a burning altar of Makhleb.
   931 | D:2      | Found a hazy altar of Hepliaklqana.
  1066 | D:2      | Reached XP level 4. HP: 21/40 MP: 3/3
  1343 | D:2      | Noticed a moth of wrath
  1504 | D:2      | Found a faded altar of an unknown god.
  2020 | D:2      | Found a bloodstained altar of Trog.
  2215 | D:2      | Became a worshipper of Xom of Chaos
  2218 | D:2      | XOM: divination: detect creatures
  2284 | D:2      | XOM: mild Conj miscast
  2293 | D:2      | XOM: summons 2 hostile demons
  2598 | D:3      | Reached XP level 5. HP: 46/47 MP: 4/4
  2662 | D:3      | Noticed an ice beast
  2670 | D:3      | XOM: 1-stop teleportation journey
  2685 | D:3      | XOM: enchant monster (good)
  2688 | D:3      | XOM: summons 3 friendly demons
  2691 | D:3      | Killed an ice beast
  2691 | D:3      | Reached XP level 6. HP: 36/55 MP: 5/5
  2713 | D:3      | Reached skill level 5 in Shields
  2778 | D:3      | XOM: summons 4 hostile shadow creatures
  2788 | D:3      | Slain by a gnoll

Skill      XL: |  1  2  3  4  5  6 |
---------------+-------------------+-----
Dodging        | 1 2 |  2.8
Shields        | 4 5 |  5.0
Armour         | 4 |  4.9
Fighting       | 4 |  4.8
Axes           | 3 4 |  4.1

Action                   |  1- 3 |  4- 6 || total
-------------------------+-------+-------++-------
Melee: War axe           |   112 |    70 ||   182
       Headbutt          |    15 |    15 ||    30
  Use: Potion            |       |     2 ||     2
  Eat: Ration            |       |     2 ||     2
       Chunk             |       |     1 ||     1
Armor: Scale mail        |    65 |    29 ||    94
Dodge: Dodged            |    44 |    28 ||    72
Block: Shield            |    57 |    38 ||    95
